NCAA
PITTSBURGH PANTHERS @ TENNESSEE VOLUNTEERS
05/08/2027
 
TOP OF THE 1ST
Pittsburgh Panthers batting - Pitching for Tennessee Volunteers : RHP Millard Manning
Pitching: RHP Millard Manning
Batting: RHB Ron Johnson 0-0: Ball
1-0: Ball
2-0: Called Strike
2-1: Foul Ball, location: 2F
2-2: SOLO HOME RUN (Flyball, 78XD), Distance : 374 ft
Batting: RHB Martín Camacho 0-0: Ball
1-0: Ball
2-0: Called Strike
2-1: Foul Ball, location: 2F
2-2: Ball
3-2: Base on Balls
Batting: RHB Pete Woods 0-0: Ball
1-0: Foul Ball, location: 2F
1-1: Ball
2-1: SINGLE (Flyball, 8LS)
Martín Camacho to second
Batting: LHB Alonso Carbajal 0-0: Called Strike
0-1: Ball
1-1: Ball
2-1: Swinging Strike
2-2: Foul Ball, location: 2F
2-2: Foul Ball, location: 2F
2-2: Ball
3-2: Foul Ball, location: 2F
3-2: Foul Ball, location: 2F
3-2: Foul Ball, location: 2F
3-2: Base on Balls
Martín Camacho to third
Pete Woods to second
Batting: RHB Phil Ford 0-0: Ground out 6-3 (Groundball, 6S)
Martín Camacho scores
Pete Woods to third
Alonso Carbajal to second
Batting: LHB Brandon Davis 0-0: Called Strike
0-1: Ball
1-1: Ball
2-1: SINGLE (Line Drive, 56D)
Pete Woods scores
Alonso Carbajal to third
Batting: SHB Tim Mullen 0-0: Ball
1-0: Ball
2-0: Called Strike
2-1: Foul Ball, location: 2F
2-2: Strikes out swinging
Batting: RHB Henry Cahill 0-0: Ball
1-0: Fly out, F8 (Flyball, 8LM)
Top of the 1st over - 3 run(s), 3 hit(s), 0 error(s), 2 left on base; Pittsburgh 3 - Tennessee 0
BOTTOM OF THE 1ST
Tennessee Volunteers batting - Pitching for Pittsburgh Panthers : RHP Alex Powell
Pitching: RHP Alex Powell
Batting: RHB Danny Scott 0-0: Called Strike
0-1: Hit by Pitch
Batting: LHB Tony Beck 0-0: Ball
1-0: Called Strike
1-1: Ground out 3-1 (Groundball, 34)
Danny Scott to second
Batting: RHB Ralph Fitzgerald 0-0: Ball
1-0: Swinging Strike
1-1: Called Strike
Danny Scott steals 3rd base
1-2: Foul Ball, location: 2F
1-2: Foul Ball, location: 2F
1-2: Ball
2-2: Foul Ball, location: 2F
2-2: Foul Ball, location: 2F
2-2: Foul Ball, location: 2F
2-2: Foul Ball, location: 2F
2-2: Ground out 1-3 (Groundball, P)
Batting: LHB Vernon Hill 0-0: Ball
1-0: Called Strike
1-1: Swinging Strike
1-2: Ground out U3 (Groundball, 34)
Bottom of the 1st over - 0 run(s), 0 hit(s), 0 error(s), 1 left on base; Pittsburgh 3 - Tennessee 0
TOP OF THE 2ND
Pittsburgh Panthers batting - Pitching for Tennessee Volunteers : RHP Millard Manning
Batting: LHB Mike Hanson 0-0: Called Strike
0-1: Ball
1-1: Called Strike
1-2: Strikes out swinging
Batting: RHB Ron Johnson 0-0: Called Strike
0-1: Called Strike
0-2: Ball
1-2: Strikes out swinging
Batting: RHB Martín Camacho 0-0: Called Strike
0-1: Ground out 6-3 (Groundball, 6)
Top of the 2nd over - 0 run(s), 0 hit(s), 0 error(s), 0 left on base; Pittsburgh 3 - Tennessee 0
BOTTOM OF THE 2ND
Tennessee Volunteers batting - Pitching for Pittsburgh Panthers : RHP Alex Powell
Batting: RHB Kevin Manning 0-0: Swinging Strike
0-1: Ball
1-1: Called Strike
1-2: Ball
2-2: Foul Ball, location: 2F
2-2: Foul Ball, location: 2F
2-2: Fly out, F8 (Flyball, 8LD)
Batting: LHB Joe Storms 0-0: Called Strike
0-1: Fly out, F8 (Flyball, 8RXD)
Batting: RHB Tanner Albert 0-0: Foul Ball, location: 2F
0-1: Ball
1-1: Swinging Strike
1-2: Strikes out swinging
Bottom of the 2nd over - 0 run(s), 0 hit(s), 0 error(s), 0 left on base; Pittsburgh 3 - Tennessee 0
TOP OF THE 3RD
Pittsburgh Panthers batting - Pitching for Tennessee Volunteers : RHP Millard Manning
Batting: RHB Pete Woods 0-0: Ball
1-0: Ball
2-0: Ball
3-0: Base on Balls
Batting: LHB Alonso Carbajal 0-0: Ball
1-0: Called Strike
1-1: Fly out, F7 (Flyball, 7)
Batting: RHB Phil Ford 0-0: Fielders Choice at 2nd, 1-6 (Groundball, 13)
Batting: LHB Brandon Davis 0-0: Ball
1-0: Ball
2-0: Ground out 4-3 (Groundball, 4S)
Top of the 3rd over - 0 run(s), 0 hit(s), 0 error(s), 1 left on base; Pittsburgh 3 - Tennessee 0
BOTTOM OF THE 3RD
Tennessee Volunteers batting - Pitching for Pittsburgh Panthers : RHP Alex Powell
Batting: LHB Miguel Gómez 0-0: Ball
1-0: Ground out 1-3 (Groundball, P)
Batting: RHB Lorne McClain 0-0: Ball
1-0: Fly out, F7 (Line Drive, 7LM)
Batting: RHB Danny Scott 0-0: Called Strike
0-1: Called Strike
0-2: Strikes out swinging
Bottom of the 3rd over - 0 run(s), 0 hit(s), 0 error(s), 0 left on base; Pittsburgh 3 - Tennessee 0
TOP OF THE 4TH
Pittsburgh Panthers batting - Pitching for Tennessee Volunteers : RHP Millard Manning
Batting: SHB Tim Mullen 0-0: Called Strike
0-1: Foul Ball, location: 2F
0-2: Strikes out swinging
Batting: RHB Henry Cahill 0-0: Called Strike
0-1: Ball
1-1: Ball
2-1: Foul Ball, location: 2F
2-2: Ball
3-2: Strikes out swinging
Batting: LHB Mike Hanson 0-0: Fly out, F8 (Flyball, 8RS)
Top of the 4th over - 0 run(s), 0 hit(s), 0 error(s), 0 left on base; Pittsburgh 3 - Tennessee 0
BOTTOM OF THE 4TH
Tennessee Volunteers batting - Pitching for Pittsburgh Panthers : RHP Alex Powell
Batting: LHB Tony Beck 0-0: Fly out, F9 (Flyball, 9S)
Batting: RHB Ralph Fitzgerald 0-0: Foul Ball, location: 2F
0-1: Ball
1-1: Ball
2-1: Swinging Strike
2-2: Foul Ball, location: 2F
2-2: Ground out 6-3 (Groundball, 6)
Batting: LHB Vernon Hill 0-0: Called Strike
0-1: Foul Ball, location: 2F
0-2: Fly out, F8 (Flyball, 8LS)
Bottom of the 4th over - 0 run(s), 0 hit(s), 0 error(s), 0 left on base; Pittsburgh 3 - Tennessee 0
TOP OF THE 5TH
Pittsburgh Panthers batting - Pitching for Tennessee Volunteers : RHP Millard Manning
Batting: RHB Ron Johnson 0-0: Foul Ball, location: 2F
0-1: Ball
1-1: Ball
2-1: Foul Ball, location: 2F
2-2: Strikes out swinging
Batting: RHB Martín Camacho 0-0: Ball
1-0: Ball
2-0: Called Strike
2-1: Swinging Strike
2-2: Ball
3-2: Strikes out swinging
Batting: RHB Pete Woods 0-0: Swinging Strike
0-1: Called Strike
0-2: Ball
1-2: Foul Ball, location: 2F
1-2: Foul Ball, location: 2F
1-2: Ball
2-2: Strikes out swinging
Top of the 5th over - 0 run(s), 0 hit(s), 0 error(s), 0 left on base; Pittsburgh 3 - Tennessee 0
BOTTOM OF THE 5TH
Tennessee Volunteers batting - Pitching for Pittsburgh Panthers : RHP Alex Powell
Batting: RHB Kevin Manning 0-0: Foul Ball, location: 2F
0-1: Foul Ball, location: 2F
0-2: Ball
1-2: Ball
2-2: Foul Ball, location: 2F
2-2: Fly out, F8 (Flyball, 8LXD)
Batting: LHB Joe Storms 0-0: Ball
1-0: Ball
2-0: Called Strike
2-1: Fly out, F7 (Flyball, 7S)
Batting: RHB Tanner Albert 0-0: Called Strike
0-1: Swinging Strike
0-2: Ball
1-2: Ball
2-2: Ball
3-2: DOUBLE (Flyball, 78D)
Batting: LHB Miguel Gómez 0-0: SINGLE (Groundball, 34D)
Tanner Albert to third
Runner from 3rd tries for Home, SAFE, no throw
Batting: RHB Lorne McClain 0-0: Called Strike
0-1: Ball
1-1: Swinging Strike
1-2: Ball
2-2: Ball
Miguel Gómez steals 2nd base
3-2: Strikes out swinging
Bottom of the 5th over - 1 run(s), 2 hit(s), 0 error(s), 1 left on base; Pittsburgh 3 - Tennessee 1
TOP OF THE 6TH
Pittsburgh Panthers batting - Pitching for Tennessee Volunteers : RHP Millard Manning
Pitching: RHP José Vielmas
Batting: LHB Alonso Carbajal 0-0: Ball
1-0: Called Strike
1-1: SOLO HOME RUN (Flyball, 89XD), Distance : 365 ft
Batting: RHB Phil Ford 0-0: Ball
1-0: Ball
2-0: Foul Ball, location: 2F
2-1: Ball
3-1: Ground out 5-3 (Groundball, 5)
Batting: LHB Brandon Davis 0-0: SOLO HOME RUN (Flyball, 89XD), Distance : 383 ft
Pitching: RHP Steve Jasper
Batting: SHB Tim Mullen 0-0: Called Strike
0-1: Ball
1-1: Ball
2-1: Ground out U3 (Groundball, 3L)
Batting: RHB Henry Cahill 0-0: Ball
1-0: Fly out, F8 (Flyball, 8RM)
Top of the 6th over - 2 run(s), 2 hit(s), 0 error(s), 0 left on base; Pittsburgh 5 - Tennessee 1
BOTTOM OF THE 6TH
Tennessee Volunteers batting - Pitching for Pittsburgh Panthers : RHP Alex Powell
Batting: RHB Danny Scott 0-0: Ball
1-0: Ground out 5-3 (Groundball, 56S)
Batting: LHB Tony Beck 0-0: Ball
1-0: Ball
2-0: DOUBLE (Groundball, 3L)
Batting: RHB Ralph Fitzgerald 0-0: Ball
1-0: Ball
2-0: Ball
3-0: Base on Balls
Pitching: RHP Jesús Muros
Batting: LHB Vernon Hill 0-0: Called Strike
0-1: Swinging Strike
0-2: Hit by Pitch
Tony Beck to third
Ralph Fitzgerald to second
Batting: RHB Kevin Manning 0-0: Called Strike
0-1: Ball
1-1: Ball
2-1: Called Strike
2-2: Ball
3-2: DOUBLE (Line Drive, 7LM)
Tony Beck scores
Ralph Fitzgerald scores
Vernon Hill to third
Batting: LHB Joe Storms 0-0: Swinging Strike
0-1: Foul Ball, location: 2F
0-2: Ball
1-2: Ball
2-2: Foul Ball, location: 2F
2-2: SINGLE (Line Drive, 6D)
Vernon Hill scores
Kevin Manning to third
Runner from 3rd tries for Home, SAFE, throw made home
Joe Storms to second
Pitching: RHP Chris Day
Batting: RHB Tanner Albert 0-0: Ball
1-0: Ball
2-0: Called Strike
2-1: Ball
3-1: Called Strike
3-2: Fly out, F9 (Flyball, 9)
Batting: LHB Miguel Gómez 0-0: Ball
1-0: Swinging Strike
1-1: Foul Ball, location: 2F
1-2: Foul Ball, location: 2F
1-2: Foul Ball, location: 2F
1-2: Strikes out swinging
Bottom of the 6th over - 4 run(s), 3 hit(s), 0 error(s), 1 left on base; Pittsburgh 5 - Tennessee 5
TOP OF THE 7TH
Pittsburgh Panthers batting - Pitching for Tennessee Volunteers : RHP Steve Jasper
Pitching: LHP Tony Féliz
Batting: LHB Mike Hanson 0-0: Ball
1-0: Fly out, F6 (Popup, 5D)
Pitching: RHP Morgan Fox
Batting: RHB Ron Johnson 0-0: Ball
1-0: Ball
2-0: Ground out 5-3 (Groundball, 56)
Batting: RHB Martín Camacho 0-0: Ball
1-0: Foul Ball, location: 2F
1-1: Ball
2-1: Ball
3-1: Called Strike
3-2: Foul Ball, location: 2F
3-2: Foul Ball, location: 2F
3-2: Foul Ball, location: 2F
3-2: Base on Balls
Batting: RHB Pete Woods 0-0: Ball
1-0: Swinging Strike
1-1: Ball
Wild Pitch!
Martín Camacho to second
2-1: Ball
3-1: Base on Balls
Batting: LHB Alonso Carbajal 0-0: Ball
1-0: SINGLE (Line Drive, 4M)
Martín Camacho to third
Pete Woods to second
Runner from 3rd tries for Home, SAFE, no throw
Batting: RHB Phil Ford 0-0: Fly out, F9 (Flyball, 9LS)
Top of the 7th over - 1 run(s), 1 hit(s), 0 error(s), 2 left on base; Pittsburgh 6 - Tennessee 5
BOTTOM OF THE 7TH
Tennessee Volunteers batting - Pitching for Pittsburgh Panthers : RHP Chris Day
Batting: RHB Lorne McClain 0-0: Called Strike
0-1: Swinging Strike
0-2: Ball
1-2: Ball
2-2: Ball
3-2: Base on Balls
Batting: RHB Danny Scott 0-0: Called Strike
0-1: SINGLE (Groundball, 6MD)
Lorne McClain to second
Batting: LHB Tony Beck 0-0: Bunted foul
0-1: Bunted foul
0-2: Ball
1-2: Foul Ball, location: 2F
1-2: Strikes out looking
Batting: RHB Ralph Fitzgerald 0-0: Ball
1-0: Ball
2-0: Ball
3-0: Base on Balls
Lorne McClain to third
Danny Scott to second
Batting: LHB Vernon Hill 0-0: Called Strike
0-1: Fly out, F8 (Flyball, 89XD)
Runner from 3rd tags up, SCORES, no throw
Danny Scott to third
Batting: RHB Kevin Manning 0-0: Called Strike
0-1: Ball
1-1: Called Strike
1-2: Foul Ball, location: 2F
1-2: Fly out, F8 (Flyball, 8RD)
Bottom of the 7th over - 1 run(s), 1 hit(s), 0 error(s), 2 left on base; Pittsburgh 6 - Tennessee 6
TOP OF THE 8TH
Pittsburgh Panthers batting - Pitching for Tennessee Volunteers : RHP Morgan Fox
Batting: LHB Brandon Davis 0-0: Foul Ball, location: 2F
0-1: Ball
1-1: Fly out, F7 (Flyball, 7LM)
Batting: SHB Tim Mullen 0-0: Called Strike
0-1: Ball
1-1: Ball
2-1: SINGLE (Groundball, 4MS) (infield hit)
Batting: RHB Henry Cahill 0-0: Ball
1-0: Called Strike
1-1: Ball
2-1: DOUBLE (Line Drive, 89D)
Tim Mullen to third
Batting: LHB Mike Hanson 0-0: Intentional Walk
Batting: RHB Ron Johnson 0-0: Foul Ball, location: 2F
0-1: Fly out, F9 (Flyball, 9S)
Batting: RHB Martín Camacho 0-0: Ball
1-0: Ball
2-0: Called Strike
2-1: Swinging Strike
2-2: Foul Ball, location: 2F
2-2: Strikes out swinging
Top of the 8th over - 0 run(s), 2 hit(s), 0 error(s), 3 left on base; Pittsburgh 6 - Tennessee 6
BOTTOM OF THE 8TH
Tennessee Volunteers batting - Pitching for Pittsburgh Panthers : RHP Chris Day
Batting: LHB Joe Storms 0-0: Foul Ball, location: 2F
0-1: Ball
1-1: Ball
2-1: Ball
3-1: Base on Balls
Batting: RHB Tanner Albert 0-0: Ball
1-0: Called Strike
1-1: Called Strike
1-2: Foul Ball, location: 2F
1-2: Ball
2-2: Foul Ball, location: 2F
2-2: Ball
3-2: SINGLE (Line Drive, 4) (infield hit)
Joe Storms to second
Pitching: RHP Tim Wallace
Batting: LHB Miguel Gómez 0-0: Bunted foul
0-1: Bunted foul
0-2: Strikes out swinging
Batting: RHB Lorne McClain 0-0: Ball
1-0: Called Strike
1-1: Ball
2-1: Ball
3-1: Foul Ball, location: 2F
3-2: Base on Balls
Joe Storms to third
Tanner Albert to second
Batting: RHB Danny Scott 0-0: SINGLE (Line Drive, 5D)
Joe Storms scores
Tanner Albert to third
Lorne McClain to second
Batting: LHB Tony Beck 0-0: Foul Ball, location: 2F
0-1: Ball
1-1: Ball
2-1: SINGLE (Groundball, 34D)
Tanner Albert scores
Lorne McClain to third
Danny Scott to second
Batting: RHB Ralph Fitzgerald 0-0: Ball
1-0: Foul Ball, location: 2F
1-1: Swinging Strike
1-2: Foul Ball, location: 2F
1-2: Strikes out swinging
Batting: LHB Vernon Hill 0-0: Foul Ball, location: 2F
0-1: Called Strike
0-2: Ground out U3 (Groundball, 34)
Bottom of the 8th over - 2 run(s), 3 hit(s), 0 error(s), 3 left on base; Pittsburgh 6 - Tennessee 8
TOP OF THE 9TH
Pittsburgh Panthers batting - Pitching for Tennessee Volunteers : RHP Morgan Fox
Pitching: RHP Lorenzo Mesquit
Batting: RHB Pete Woods 0-0: Ball
1-0: DOUBLE (Groundball, 3L)
Batting: LHB Alonso Carbajal 0-0: Called Strike
0-1: Ball
1-1: Fly out, F8 (Flyball, 78M)
Batting: RHB Phil Ford 0-0: Foul Ball, location: 2F
0-1: Ball
1-1: Ball
2-1: Ground out 5-3 (Groundball, 56)
Batting: LHB Brandon Davis 0-0: Ball
1-0: Foul Ball, location: 2F
1-1: Ball
2-1: Swinging Strike
2-2: Strikes out swinging
Top of the 9th over - 0 run(s), 1 hit(s), 0 error(s), 1 left on base; Pittsburgh 6 - Tennessee 8
Thursday, March 30th, 2017 - OOTP Baseball 17.12 Build 75